 Dungeon Crawl Stone Soup version 0.28-a0-6-g334057b17a (webtiles) character file.

Game seed: 8874373528781644192

1945 Blejac999 the Thaumaturge (level 9, -9/57 HPs)
             Began as a Djinni Conjurer on July 23, 2021.
             Was a Follower of Makhleb.
             Shot with a sling bullet by Joseph (21 damage)
             ... on level 7 of the Dungeon.
             The game lasted 00:11:50 (7027 turns).

Blejac999 the Thaumaturge (Djinni Conjurer)         Turns: 7027, Time: 00:11:50

Health: -9/57      AC:  6    Str:  6    XL:     9   Next: 41%
Gold:   273        EV: 13    Int: 23    God:    Makhleb [*.....] SH:  0 Dex: 12

rFire   + + .      SeeInvis .   g - staff of conjuration
rCold   x . .      Faith    +   (no shield)
rNeg    . . .      Spirit   .   a - +0 robe
rPois   ∞          Reflect  .   h - +1 helmet
rElec   .          Harm     .   l - +0 cloak
rCorr   +          Rampage  .   c - +0 pair of gloves
Will    .....                   (boots unavailable)
Stlth   ++........              e - amulet of faith
HPRegen 0.19/turn               j - ring of resist corrosion
MPRegen 0.00/turn               (no ring)

@: flying
A: sickness immunity, fire resistance 2, cold vulnerability 1, float, innate
caster, hp casting, extra vitality 1
a: Renounce Religion


You were on level 7 of the Dungeon.
You worshipped Makhleb.
Makhleb was aware of your devotion.
You visited 2 branches of the dungeon, and saw 8 of its levels.

You collected 273 gold pieces.

Inventory:

Missiles
 d - a throwing net
Armour
 a - a +0 robe (worn)
 c - a +0 pair of gloves (worn)
 h - a +1 helmet (worn)
 l - a +0 cloak (worn)
Magical Staves
 f - a staff of death
 g - a staff of conjuration (weapon)
Jewellery
 e - an amulet of faith (around neck)
 j - a ring of resist corrosion (left hand)
Scrolls
 b - 11 scrolls of identify
 k - a scroll of enchant armour
Potions
 i - a potion of curing


   Skills:
 + Level 1.3 Fighting
 + Level 3.9 Dodging
 + Level 4.0 Stealth
 + Level 8.7 Spellcasting


You had one spell level left.
You knew the following spells:

 Your Spells              Type           Power      Damage    Failure   Level
a - Magic Dart            Conj           100%       1d8       1%          1
b - Searing Ray           Conj           100%       3d7       1%          2
c - Dazzling Flash        Conj/Hex       100%       N/A       1%          3
d - Fulminant Prism       Conj/Hex       33%        3d16      1%          4
e - Iskenderun's Mystic   Conj/Tloc      66%        2d14      1%          4
f - Corona                Hex            55%        N/A       1%          1
g - Blink                 Tloc           N/A        N/A       1%          2
h - Confusing Touch       Hex            50%        N/A       1%          3
i - Summon Ice Beast      Ice/Summ       50%        N/A       1%          4
Your spell library was empty.

Dungeon Overview and Level Annotations

Branches:
Dungeon (7/15)             Temple (1/1) D:4

Altars:
Ashenzari
Cheibriados
Elyvilon
Fedhas
Hepliaklqana
Kikubaaqudgha
Makhleb
Okawaru
Sif Muna
Trog
Vehumet
Wu Jian
Xom
Yredelemnul

Annotations:
D:7 Joseph


Innate Abilities, Weirdness & Mutations

You are immune to sickness and miasma.
You are immune to poison.
Your flesh is very heat resistant. (rF++)
You are vulnerable to cold. (rC-)
You float through the air rather than walking.
You learn spells naturally, not from books.
Your magical power is your life essence.
You have superior vitality. (+4 HP)


Message History

Confirm with . or Enter, or press ? or * to list all spells.
Aiming: Searing Ray (safe; 1% risk of failure)
Press: ? - help, Shift-Dir - straight line, f - Joseph, p - centaur
Aim: Joseph, wielding a +4 quarterstaff of draining, wearing a +0 leather armour and quivering sling bullets (83% to hit)
You feel a surge of power!
The searing ray hits the centaur!
The centaur is severely wounded.
The searing ray hits Joseph!
Joseph is moderately wounded. (Press . to maintain the ray.)
The centaur hits you but does no damage.
The centaur kicks you but does no damage.
The searing ray hits the centaur!
You kill the centaur!
Makhleb accepts your kill.
The searing ray hits Joseph!
Joseph is moderately wounded.
Joseph unwields a +4 quarterstaff of draining.
Joseph wields a +0 hunting sling.
Joseph shoots a sling bullet.
The sling bullet hits you!!
The searing ray hits Joseph!
Joseph is severely wounded.
Joseph shoots a sling bullet.
The sling bullet hits you.
* * * LOW HITPOINT WARNING * * *
The searing ray hits Joseph!
Joseph is severely wounded.
* * * LOW HITPOINT WARNING * * *
You finish channeling your searing ray.
Joseph shoots a sling bullet.
The sling bullet barely misses you.
Unknown command.
Casting: Searing Ray (safe; 1% risk of failure)
Confirm with . or Enter, or press ? or * to list all spells.
Aiming: Searing Ray (safe; 1% risk of failure)
Press: ? - help, Shift-Dir - straight line, f/p - Joseph
Aim: Joseph, wielding a +0 hunting sling, wearing a +0 leather armour and quivering sling bullets (severely wounded, 83% to hit)
You feel a surge of power!
The searing ray hits Joseph!
Joseph is almost dead. (Press . to maintain the ray.)
* * * LOW HITPOINT WARNING * * *
Joseph shoots a sling bullet.
The sling bullet hits you!!
You die...

##################
#.................
#....############# #....#
# #....# # #....# #
########....#############
.../........÷............
........@.#.#####.....###
#########)#.# #........#
#@#.# #......... #.#.#
#......#.# .# #.#<..##.#
.# ########## .. ..


You could see Joseph.

Vanquished Creatures
  Grinder (D:3)
  A steam dragon (D:7)
  2 sky beasts
  A necrophage (D:4)
  A black bear (D:5)
  2 ogres
  A centaur (D:7)
  A phantom (D:6)
  A bullfrog (D:6)
  2 scorpions (D:6)
  5 wights (D:5)
  A howler monkey (D:5)
  5 hounds
  A gnoll shaman (D:6)
  An orc priest (D:3)
  A jelly (D:6)
  4 iguanas
  An orc wizard (D:4)
  5 gnolls (D:6)
  A howler monkey skeleton (D:5)
  An adder (D:5)
  An ufetubus (D:5)
  An adder skeleton (D:4)
  3 worms
  A dart slug (D:4)
  10 orcs
  6 endoplasms
  A giant cockroach (D:2)
  5 goblins
  5 hobgoblins
  2 jackals (D:2)
  3 quokkas
  4 ball pythons
  3 frilled lizards
  5 kobolds
  2 rats
91 creatures vanquished.

Vanquished Creatures (others)
  A butterfly (D:3)
  4 fulminant prisms
5 creatures vanquished.

Grand Total: 96 creatures vanquished

Notes
Turn   | Place    | Note
-------+----------+-------------------------------------------
     0 | D:1      | Blejac999 the Djinni Conjurer began the quest for the Orb.
     0 | D:1      | Reached XP level 1. HP: 15/15 MP: 0/0
   246 | D:1      | Reached XP level 2. HP: 17/21 MP: 0/0
  1047 | D:2      | Reached XP level 3. HP: 24/25 MP: 0/0
  1047 | D:2      | Learned a level 1 spell: Corona
  1353 | D:2      | Found a faded altar of an unknown god.
  1828 | D:3      | Found a white marble altar of Elyvilon.
  1908 | D:3      | Noticed Grinder
  1912 | D:3      | Reached skill level 4 in Spellcasting
  1912 | D:3      | Reached XP level 4. HP: 13/31 MP: 0/0
  2622 | D:4      | Found a staircase to the Ecumenical Temple.
  2739 | D:4      | Reached XP level 5. HP: 32/35 MP: 0/0
  2739 | D:4      | Learned a level 2 spell: Blink
  2959 | D:4      | Noticed a sky beast
  2963 | D:4      | Killed a sky beast
  2964 | D:4      | Reached skill level 5 in Spellcasting
  2964 | D:4      | Reached XP level 6. HP: 25/40 MP: 0/0
  3186 | Temple   | Entered the Ecumenical Temple
  3296 | Temple   | Became a worshipper of Makhleb the Destroyer
  3663 | D:4      | Noticed a necrophage
  3667 | D:4      | Killed a necrophage
  4101 | D:3      | Killed Grinder
  4102 | D:3      | Reached skill level 6 in Spellcasting
  4102 | D:3      | Reached XP level 7. HP: 32/46 MP: 0/0
  4102 | D:3      | Learned a level 3 spell: Confusing Touch
  4433 | D:5      | Entered Level 5 of the Dungeon
  4529 | D:5      | Reached skill level 1 in Fighting
  4635 | D:5      | Reached XP level 8. HP: 49/52 MP: 0/0
  4762 | D:5      | Reached * piety under Makhleb
  4934 | D:5      | Reached skill level 7 in Spellcasting
  5397 | D:6      | Reached XP level 9. HP: 57/57 MP: 0/0
  5397 | D:6      | Learned a level 4 spell: Summon Ice Beast
  5517 | D:6      | Reached skill level 8 in Spellcasting
  6013 | D:5      | Found an ornate altar of the Wu Jian Council.
  7017 | D:7      | Noticed Joseph
  7027 | D:7      | Shot with a sling bullet by Joseph

Illustrated notes

Levels and vault maps discovered:
D:1:      moated_graveyard_arrival, layout_loops_ring
D:2:      layout_basic, shapermc_ecumenical_altar_mp_highgroup,
          kennysheep_generic_room_4
D:3:      layout_loops_ring, nicolae_elyvilon_peaceful_grove, uniq_grinder
D:4:      layout_gridville, minmay_temple_entry_waves, hangedman_decor_riveting,
          chequers_avenue
D:5:      layout_loops_ring, mainiacjoe_overflow_paths, lemuel_round_altar,
          kennysheep_generic_room_15
D:6:      layout_loops_ring, grunt_decor_one_mirror
D:7:      layout_basic, nicolae_qazlal_scattered_showers,
          nicolae_dithmenos_through_a_glass_darkly, uniq_harold, uniq_menkaure,
          uniq_joseph, uniq_crazy_yiuf_cottage
Temple:   minmay_temple_curvy_loop

Skill      XL: |  1  2  3  4  5  6  7  8  9 |
---------------+----------------------------+-----
Spellcasting   | 4 5 6 7 8 |  8.7
Stealth        | 2 3 4 |  4.0
Dodging        | 3 |  3.9
Fighting       | 1 |  1.3

Action                   |  1- 3 |  4- 6 |  7- 9 || total
-------------------------+-------+-------+-------++-------
 Cast: Magic Dart        |    44 |    45 |    63 ||   152
       Searing Ray       |     2 |     7 |    25 ||    34
       Fulminant Prism   |       |     2 |     2 ||     4
  Use: Scroll            |     3 |       |     4 ||     7
       Potion            |     1 |       |     3 ||     4
Armor: Robe              |       |     1 |    10 ||    11
Dodge: Dodged            |     6 |     2 |    21 ||    29

Table legend: (Time is in decaauts)
 A = Elapsed time spent in this place.
 B = Non-inter-level travel time spent in this place.
 C = Inter-level travel time spent in this place.
 D = Time resting spent in this place.
 E = Time spent auto-exploring this place.
 F = Levels seen in this place.
 G = Mean time per level.
                   A        B        C        D        E       F      G
               +--------+--------+--------+--------+--------+-----+--------+
         Total |   7016 |   6934 |     82 |   1656 |   4459 |   8 |  877.0 |
       Dungeon |   6801 |   6719 |     82 |   1656 |   4273 |   7 |  971.6 |
        Temple |    214 |    214 |      0 |      0 |    186 |   1 |  214.0 |
               +--------+--------+--------+--------+--------+-----+--------+

Top non-repeatable levels by time:
     D:4: 1477 daAuts
     D:5: 1333 daAuts
     D:2: 1299 daAuts
     D:6: 1037 daAuts
     D:3: 743 daAuts
     D:1: 699 daAuts
  Temple: 214 daAuts
     D:7: 211 daAuts
